woodfighter, chaotic female human Barbarian ------- ---- --- ---- |..--.-----..| |.---- --- --..---- --......|....| |....-- ---.-- --......----- ---...^...--- --...[| |....| |.........|.--- --.......| |....| --- ----...------------............| ----....------..----.-- ---|..............................--- |...--....---.---|...| --.-|......--....--------............| --------.-----.........|--.-- --...|-..........^--- |.........>..| |........| |.....---.|...| |...----.%..%.......| |...........-- |..------- |..@..| |...--- |........^..).......| ----........| --.| ---u--- ---.-- |..----..<..--.....-- |...----. ---- |.| |.| --.)| |.-- |...%-||.-.--- |...--- |..---.| |.| |...--- |.| --.%..||...| ---...| |....%)|-- |.| ---...| |.--- ---).----.- --..| --......|.-- |.| ---.-----...| --..--|. ---- |..........| ---.| |...--....----- |...--- --^.......-- |...| |.....%.....|.| |.....| ----.....| |...| --.---........| |.--..| |..---- --..| --- --.--.---- ------- ---- ---- ------ woodfighter the Bandit Experience level: 6 Strength: 18 Dexterity: 15 Constitution: 19 Intelligence: 8 Wisdom: 9 Charisma: 6 Health: 0(61) Energy: 12(12) Def: 4 Gold: 329 Moves: 3458 Dungeon seed: 6J8G6GxBqMuuUj5N Game ID: woodfighter_1446036524 Your Inventory: Coins $ - 329 gold pieces Weapons a - a greased rusty +0 battle-axe (weapon in hands) b - a blessed +0 short sword (alternate weapon; not wielded) F - 3 blessed +1 daggers L - 6 +0 daggers V - a blessed +0 dagger Armor d - an uncursed +0 pair of iron shoes n - an uncursed +0 studded leather armor (being worn) y - an uncursed +0 dwarvish cloak z - an uncursed +0 orcish helm (being worn) H - an uncursed +0 dwarvish cloak I - an uncursed +0 pair of iron shoes N - an uncursed +0 dwarvish iron helm O - an uncursed +0 mummy wrapping X - an uncursed +0 dwarvish cloak Y - an uncursed +0 pair of iron shoes Z - an uncursed +0 dwarvish iron helm Comestibles c - 2 uncursed food rations f - an uncursed tripe ration A - an uncursed carrot G - an uncursed candy bar J - 2 uncursed fortune cookies Scrolls g - a cursed scroll of fire h - an uncursed scroll of confuse monster j - 2 uncursed scrolls of enchant weapon v - a blessed scroll of enchant weapon w - an uncursed scroll of scare monster B - a blessed scroll of teleportation R - a blessed scroll of light Potions r - a blessed potion of speed D - an uncursed potion of enlightenment T - an uncursed potion of water Rings M - a cursed ring of invisibility Wands k - a wand of opening (0:4) U - a wand of striking (0:4) Tools i - an uncursed lock pick m - a can of grease (0:12) E - 9 uncursed tallow candles (0:200) Q - an uncursed oil lamp (lit) (0:481) W - 7 uncursed wax candles (0:400) Gems e - 2 uncursed worthless pieces of white glass q - 2 uncursed worthless pieces of orange glass K - 2 uncursed worthless pieces of yellowish brown glass S - an uncursed fluorite stone Spells and supernatural/magical abilities: Name Level Category Fail Memory W - pray for help -- divine ? -- Your skills at the end: Miscellaneous Skills bare handed combat [Basic] Weapon Skills axe [Skilled] short sword [Basic] Spellcasting Skills Final Attributes: You were piously aligned. You were poison resistant. You were lucky. You are dead. Vanquished creatures: a gnome king a dust vortex a plains centaur a gnome mummy a shrieker 2 gnome lords 2 gnomish wizards a black naga hatchling a kitten 4 dwarves an iguana a rabid rat a werejackal a coyote 3 hobbits an acid blob 2 large kobolds 3 geckos a hobgoblin 2 giant rats 3 yellow molds 15 gnomes 3 jackals 2 kobolds 2 newts 5 goblins 7 grid bugs 5 lichens 2 kobold zombies 75 creatures vanquished. Voluntary challenges: You did not adorn yourself with jewelry or accessories. You used a wielded weapon 85 times, starting on turn 63. You did not apply a unicorn horn. You read items or engraved 2 times, starting on turn 866. You never genocided any monsters. You never polymorphed an object. You never changed form. You used no wishes. You never split a pudding. You never wrote Elbereth's name. You never violated your personal moral code. Dungeon overview: The Dungeons of Doom: levels 1 to 5 Level 1 a long staircase Level 2 a delicatessen, an altar to Crom Level 3 a scroll shop, a fountain Level 4 a sink stairs to The Gnomish Mines Level 5 The Gnomish Mines: levels 5 to 7 Level 5 stairs to The Dungeons of Doom Level 6 <- You were here Level 7 History has recorded: On T:1 you entered the Dungeons of Doom to retrieve the Amulet of Yendor! On T:271 you reached level 2 of The Dungeons of Doom. On T:581 you advanced to experience level 2. On T:654 you reached level 3 of The Dungeons of Doom. On T:726 you advanced to experience level 3. On T:1424 you reached level 4 of The Dungeons of Doom. On T:1857 you advanced to experience level 4. On T:2418 you reached level 5 of The Dungeons of Doom. On T:2461 you reached level 1 of The Gnomish Mines. On T:2571 you advanced to experience level 5. On T:2762 you advanced to experience level 6. On T:3067 you reached level 2 of The Gnomish Mines. On T:3150 you reached level 3 of The Gnomish Mines. Score breakdown: Gold: 329 ( 32 points) Experience: 6 levels ( 500 points) Exploration: 7 levels ( 180 points) Discoveries: 2 items ( 100 points) Variety of kills: 29 monsters ( 1450 points) Major goal: (nothing yet) ( 0 points) Survival: died (score multiplied by 3) Total score: 6786 Latest messages: g - a cursed scroll labeled YUM YUM. k - an uncursed oak wand. q - 2 uncursed orange gems. e - an uncursed white gem. A white gem lands on the altar. You hear the chime of a cash register. You swing your battle-axe in a wide arc. You smite the white unicorn! The white unicorn butts! You die... Final status: Goodbye woodfighter the Barbarian, killed by a white unicorn... You died in The Gnomish Mines on dungeon level 6 with 6786 points, and 329 pieces of gold, after 3458 moves. You were level 6 with a maximum of 61 hit points when you died.